[Event "One Short Week GM-A 12-2024"]
[Site "Budapest"]
[Date "2024.12.16"]
[Round "1.1"]
[White "Zverev, Lev"]
[Black "Paszewski, Mateusz"]
[Result "0-1"]
[ECO "D37"]
[WhiteElo "2441"]
[BlackElo "2344"]
[Annotator "TA"]
[PlyCount "84"]
[EventDate "2024.12.15"]
[EventType "tourn"]
[EventCountry "HUN"]
[SourceTitle "playchess.com"]
[Source "ChessBase"]
[SourceQuality "1"]
[TimeControl "5400+30"]

1. d4 d5 2. c4 e6 3. Nc3 Nf6 4. Nf3 dxc4 5. e4 b5 6. e5 Nd5 7. Nxb5 Nb6 8. Be2 {[%emt 0:03:00] White is slightly better.} Nc6 9. O-O Be7 10. Nc3 O-O 11. Be3 Rb8 12. a3 Na5 13. Qc2 Bb7 14. Ne4 Bc6 15. Nfd2 (15. Nfg5 {keeps more tension.} g6 16. Rab1 Qd5 17. Bf3) 15... Nd5 16. Nxc4 (16. Rac1 {with more complications.} Qc8 17. Rb1 Qb7 18. Bg5) 16... Nxc4 17. Bxc4 Nxe3 18. fxe3 Bxe4 19. Qxe4 Rxb2 20. Rf3 g6 21. Raf1 {[%emt 0:03:22][%cal Of3f7] Strongly threatening Rxf7!} Kg7 {[%emt 0:02:02] [#]} 22. h4 $1 Bxh4 23. Kh1 (23. Bxe6 $14 Bf2+ 24. R1xf2 (24. R3xf2 Rxf2 25. Rxf2 fxe6 $14) 24... Rxf2 25. Rxf2 fxe6 26. Qc6) 23... Be7 $15 24. Rf6 $2 Bxf6 $19 (24... Bxa3 25. Qf4 Qe8 26. Rf3 $11) 25. exf6+ Kh8 26. Rf3 Qd6 27. Rh3 Rfb8 {[%emt 0:00:21] ( -> ...Rb1+)} (27... Qxa3 28. Qh4 h5 29. Qg5 Rb1+ 30. Kh2 Qd6+ 31. g3 Rb2+ 32. Kg1 Rb1+ 33. Kg2) 28. Bf1 Rf2 (28... Qxa3 29. Qh4 h5 30. Qg5 $16) 29. Kg1 Rxf6 30. Qh4 {[%emt 0:00:01][%csl Gh3][%cal Rh4h7] [#]} Rxf1+ $1 31. Kxf1 {[%emt 0:00:01][%mdl 4096] Endgame. KQR-KQR} h5 (31... Qxa3 32. Qxh7#) 32. Qf6+ Kg8 33. Rf3 Qd7 (33... Qxa3 34. Qxf7+ Kh8 35. Kg1 $11 (35. Qxe6 Rf8 $11) (35. Qxg6 Qa1+ 36. Kf2 Qb2+ 37. Kg3 Rg8 $11) (35. Qxc7 Rb1+ 36. Kf2 Qb2+ 37. Kg3 Qb8 $11)) 34. Kg1 Rb3 35. Kh2 Qd6+ 36. Kh3 {[%emt 0:01:12] [#]} Qd7 (36... Rxa3 $2 37. Qxf7+ Kh8 38. Qxg6 $18) ({Black should try} 36... Qf8 $1 $19 37. a4 Ra3) 37. Kg3 $2 (37. Kh2 $11 {and White has nothing to worry.} Rxa3 38. Kh3) 37... Rxa3 {[%emt 0:00:30] Black is clearly winning.} 38. Kh4 Ra2 39. Kg5 (39. Kg3 $142) 39... Qe8 (39... Rxg2+ 40. Kh6 Kf8 41. Qg7+ Ke8 42. Qg8+ Ke7 43. Rxf7+ (43. Qxf7+ Kd6 $11) 43... Kd6 44. Qf8+ (44. Rxd7+ Kxd7 45. d5 Re2 $18) 44... Kd5 45. Rxd7+) 40. g3 Ra5+ 41. Kh4 Rf5 42. Rxf5 exf5 {[%emt 0:00:01] Weighted Error Value: White=1.00/Black=0.22 (precise) .  Loses game:     	White=2     	---        Missed win:     	---       	Black=1      Mistake:       	White=2     	---        Inaccurate:     	White=3     	Black=3      OK:         	White=7     	Black=13     Best:        	White=2     	Black=6      Brilliant:      	White=1     	Black=1} 0-1

[Event "One Short Week GM-A 12-2024"]
[Site "Budapest"]
[Date "2024.12.16"]
[Round "1.2"]
[White "Aczel, Gergely"]
[Black "Sklokin, Sergey"]
[Result "1-0"]
[ECO "D35"]
[WhiteElo "2485"]
[BlackElo "2329"]
[Annotator "TA"]
[PlyCount "79"]
[EventDate "2024.12.15"]
[EventType "tourn"]
[EventCountry "HUN"]
[SourceTitle "playchess.com"]
[Source "ChessBase"]
[SourceQuality "1"]
[TimeControl "5400+30"]

1. d4 d5 2. c4 e6 3. Nc3 Nf6 4. cxd5 exd5 5. Bg5 c6 6. e3 h6 7. Bh4 Be7 8. Bd3 O-O 9. Nge2 Re8 10. O-O Nbd7 11. h3 {[%emt 0:00:55] The position is equal.} Nf8 12. Qc2 Ne6 13. Bg3 Bd6 14. Be5 Bxe5 15. dxe5 Nd7 16. f4 Ndc5 17. Rad1 Nxd3 18. Qxd3 b6 ({Black should try} 18... b5 $14) 19. e4 $16 dxe4 (19... Nc7 $16 {keeps fighting.} 20. Qg3 (20. exd5 Ba6 $16) 20... Ba6) 20. Qg3 $1 $18 (20. Qxe4 $6 Qh4 $16) (20. Nxe4 Qxd3 21. Rxd3 Ba6 $15) 20... Qe7 21. Nxe4 Ba6 22. Rd7 $1 (22. Nf6+ Kf8 23. f5 (23. Nxe8 Bxe2 24. Nd6 Bxd1 $14) 23... Bxe2) 22... Qb4 (22... Qf8) 23. Nf6+ Kf8 24. Nh7+ {[%emt 0:13:55] Excellent horsemanship.} (24. Nxe8 Rxe8 25. f5 Ng5 $18) (24. f5 $18 Ng5 25. Nxe8 Rxe8 26. Qe3 Bxe2 (26... Qxb2 $2 27. e6 $18) 27. Qxe2 Qc5+ 28. Kh2 Rxe5 29. Qg4) 24... Kg8 $16 25. f5 $1 {[%emt 0:00:29] The board is on fire.} ({Much less strong is} 25. Nf6+ $6 Kf8 $18) 25... Ng5 26. Nxg5 hxg5 27. e6 $1 $40 {[%emt 0:03:59][%cal Be5e6,Be6d7][%mdl 160] Black is in trouble.} Re7 28. Qxg5 {[%emt 0:02:04] White has more active pieces.} (28. Qc7 {with more complications.} Rae8 29. f6 gxf6 30. Rxf6 fxe6 31. Rxe6 Kf7 32. Qxc6 Rxd7 33. Qxd7+ Re7 34. Rxe7+ Qxe7 35. Qd5+) 28... f6 $2 ({Better is} 28... Qc5+ $1 $14 29. Kh1 f6) 29. Qd2 Qc5+ {[%emt 0:00:54] [#]} 30. Kh1 (30. Rd4 $1 $18) 30... Rxd7 $14 31. exd7 Rd8 32. Rd1 $1 {[%emt 0:00:20][%cal Bf1d1,Bd1d2,Bd2d1,Bd1a1][%mdl 32] Threatens to win with Nf4.} Qxf5 33. Nf4 {[%emt 0:03:56][%cal Be2f4,Bf4e6,Be6d8][%mdl 32] Strongly threatening Qd6.} c5 $2 (33... Kf7 $1 $14) 34. Qd6 Qc2 $2 (34... Rxd7 35. Qxd7 Qxf4 36. Qe8+ (36. Qxa7 Be2 $18) 36... Kh7 37. Qh5+ Qh6 38. Qf5+ Qg6 39. Qxg6+ Kxg6) 35. Ne6 $18 {[%emt 0:01:01] White is clearly winning.} Bb7 36. Rd2 (36. Nxd8 $2 Qxg2#) 36... Qf5 37. Nxd8 Qxh3+ 38. Qh2 Qe3 {[%emt 0:00:06] [#]} 39. Rd1 $1 (39. Nxb7 Qe1+ 40. Qg1 Qh4+ 41. Qh2 Qe1+ 42. Qg1 Qh4+ 43. Qh2 Qe1+ $11) 39... Qe2 40. Ra1 {[%emt 0:00:25] Weighted Error Value: White=0.36/Black=0.57.  Loses game:     	---       	Black=2      Missed win:     	White=1     	---        Mistake:       	White=1     	Black=4      Inaccurate:     	White=3     	Black=2      OK:         	White=8     	Black=10     Best:        	White=2     	Black=3      Strong:       	White=5     	---} ({Inferior is} 40. Nxb7 Qxd1+ 41. Qg1 Qxd7 $11) 1-0

[Event "One Short Week GM-A 12-2024"]
[Site "Budapest"]
[Date "2024.12.16"]
[Round "1.4"]
[White "Maerevoet, Sim"]
[Black "Lu, Miaoyi"]
[Result "1/2-1/2"]
[ECO "E32"]
[WhiteElo "2421"]
[BlackElo "2441"]
[Annotator "RC"]
[PlyCount "128"]
[EventDate "2024.12.15"]
[EventType "tourn"]
[EventCountry "HUN"]
[SourceTitle "playchess.com"]
[Source "ChessBase"]
[SourceQuality "1"]
[TimeControl "5400+30"]

1. d4 Nf6 2. c4 e6 3. Nc3 Bb4 4. Qc2 O-O 5. Nf3 d5 6. a3 Bxc3+ 7. Qxc3 dxc4 8. Qxc4 b6 9. Bg5 Ba6 10. Qc1 Nbd7 11. e4 Qc8 12. Bxa6 Qxa6 13. Qc6 Rac8 14. O-O-O Nb8 15. Qc2 c5 16. d5 Nfd7 17. dxe6 fxe6 18. Kb1 c4 19. Be7 Rfe8 20. Bb4 Nc5 21. Ne5 Na4 22. Rd6 Qb5 23. Bc3 Qc5 24. Rd2 b5 25. Rhd1 a5 26. Nd7 Nxc3+ 27. Qxc3 b4 28. Qg3 Nxd7 29. Rxd7 Qf8 30. axb4 axb4 31. Qe5 Qf6 32. Qxf6 gxf6 33. Rb7 Rb8 34. Rxb8 Rxb8 35. Kc2 Rc8 36. Rd6 Kf7 37. Rd7+ Kg6 38. Rb7 c3 39. b3 Rd8 40. Rxb4 Rd2+ 41. Kxc3 Rxf2 42. Rb8 Kg7 43. Rb7+ Kg6 44. Rb8 Kg7 45. Rd8 Rxg2 46. Rd2 Rg4 47. Re2 f5 48. exf5 exf5 49. b4 Rg1 50. b5 Kf6 51. b6 f4 52. b7 Rg8 53. Rb2 Rb8 54. Kd4 Kf5 55. Rb3 Kg4 56. h3+ Kh4 57. Ke4 f3 58. Kxf3 Kxh3 59. Kf4+ Kg2 60. Rg3+ Kf2 61. Rg7 h5 62. Kg5 Ke3 63. Kxh5 Kd4 64. Kg5 Ke5 1/2-1/2

[Event "One Short Week GM-A 12-2024"]
[Site "Budapest"]
[Date "2024.12.16"]
[Round "1.5"]
[White "Lee, Junhyeok"]
[Black "Mahitosh Dey"]
[Result "1-0"]
[ECO "D37"]
[WhiteElo "2426"]
[BlackElo "2245"]
[Annotator "RC"]
[PlyCount "115"]
[EventDate "2024.12.15"]
[EventType "tourn"]
[EventCountry "HUN"]
[SourceTitle "playchess.com"]
[Source "ChessBase"]
[SourceQuality "1"]
[TimeControl "5400+30"]

1. d4 d5 2. c4 e6 3. Nc3 Nf6 4. Nf3 Be7 5. Bg5 h6 6. Bxf6 Bxf6 7. e3 O-O 8. Rc1 c6 9. h4 g6 10. h5 g5 11. Bd3 Bg7 12. Bb1 Nd7 13. cxd5 exd5 14. Ne2 Nf6 15. Ne5 Ne4 16. O-O f6 17. Ng6 Re8 18. Bxe4 Rxe4 19. Qd3 Re8 20. Ng3 Qd6 21. Rfe1 Bg4 22. Qb3 Qd7 23. f3 Be6 24. Qd3 Rad8 25. a3 Qd6 26. Nf5 Bxf5 27. Qxf5 Qd7 28. g4 Re6 29. Rcd1 Rde8 30. Kg2 Qc7 31. Qd3 Qb6 32. Re2 a6 33. a4 Qb4 34. b3 Kf7 35. Rde1 Kg8 36. e4 dxe4 37. fxe4 Rd8 38. Rd1 Rde8 39. Re3 b5 40. axb5 axb5 41. Kf3 Qd6 42. Rd2 Qb4 43. Rde2 Qd6 44. Kg2 Qb4 45. Kh3 Rd6 46. d5 Rd7 47. Qc2 c5 48. e5 fxe5 49. Nxe5 Qd4 50. Rd3 Qg1 51. Rd1 Qxd1 52. Qxd1 Rxe5 53. Rxe5 Bxe5 54. Qe2 Re7 55. Qxb5 Bf4 56. Kg2 Rc7 57. Qb6 Be5 58. Qe6+ 1-0

[Event "One Short Week GM-A 12-2024"]
[Site "Budapest"]
[Date "2024.12.16"]
[Round "2.1"]
[White "Paszewski, Mateusz"]
[Black "Mahitosh Dey"]
[Result "1/2-1/2"]
[ECO "A06"]
[WhiteElo "2344"]
[BlackElo "2245"]
[Annotator "RC"]
[PlyCount "82"]
[EventDate "2024.12.15"]
[EventType "tourn"]
[EventCountry "HUN"]
[SourceTitle "playchess.com"]
[Source "ChessBase"]
[SourceQuality "1"]
[TimeControl "5400+30"]

1. Nf3 d5 2. e3 Nf6 3. c4 e6 4. Nc3 Be7 5. b3 O-O 6. Bb2 b6 7. cxd5 exd5 8. d4 Bb7 9. Bd3 Bd6 10. O-O a6 11. Ne2 Nbd7 12. Ng3 Re8 13. Nf5 Bf8 14. Ne5 g6 15. Ng3 Bg7 16. f4 Qe7 17. Qf3 Nxe5 18. fxe5 Nd7 19. e4 Qe6 20. exd5 Bxd5 21. Be4 c6 22. Bxd5 Qxd5 23. Qxd5 cxd5 24. Ne2 Nf8 25. Rac1 f6 26. Nc3 fxe5 27. Nxd5 Rad8 28. Nc7 Re7 29. Ba3 Red7 30. d5 Bh6 31. Rc6 Rc8 32. Ne6 Re8 33. Bxf8 Bxf8 34. Rxf8+ Rxf8 35. Nxf8 Kxf8 36. d6 b5 37. Kf2 a5 38. Rb6 b4 39. Rb5 Rxd6 40. Rxe5 Rd2+ 41. Re2 Rd5 1/2-1/2

[Event "One Short Week GM-A 12-2024"]
[Site "Budapest"]
[Date "2024.12.16"]
[Round "2.2"]
[White "Lu, Miaoyi"]
[Black "Lee, Junhyeok"]
[Result "0-1"]
[ECO "E92"]
[WhiteElo "2441"]
[BlackElo "2426"]
[Annotator "RC"]
[PlyCount "68"]
[EventDate "2024.12.15"]
[EventType "tourn"]
[EventCountry "HUN"]
[SourceTitle "playchess.com"]
[Source "ChessBase"]
[SourceQuality "1"]
[TimeControl "5400+30"]

1. Nf3 Nf6 2. c4 g6 3. Nc3 Bg7 4. d4 d6 5. e4 O-O 6. Be2 e5 7. d5 Na6 8. Nd2 Nd7 9. h4 f5 10. h5 gxh5 11. exf5 Ndc5 12. f6 Qxf6 13. Nce4 Qg6 14. Ng3 Nb4 15. O-O h4 16. Bh5 Qc2 17. Ne2 Bf5 18. a3 Qxd1 19. Rxd1 Nbd3 20. f3 Nxc1 21. Nxc1 Bh6 22. Nf1 a5 23. Bg4 Bxg4 24. fxg4 Rf4 25. Nd3 Rxc4 26. Nxc5 Rxc5 27. Rd3 Rc2 28. Rb1 Rf8 29. Rc3 Re2 30. Rf3 Rxf3 31. gxf3 h3 32. b4 a4 33. b5 Bf4 34. Rb4 h2+ 0-1

[Event "One Short Week GM-A 12-2024"]
[Site "Budapest"]
[Date "2024.12.16"]
[Round "2.3"]
[White "Plat, Vojtech"]
[Black "Maerevoet, Sim"]
[Result "1/2-1/2"]
[ECO "D05"]
[WhiteElo "2457"]
[BlackElo "2421"]
[Annotator "RC"]
[PlyCount "21"]
[EventDate "2024.12.15"]
[EventType "tourn"]
[EventCountry "HUN"]
[SourceTitle "playchess.com"]
[Source "ChessBase"]
[SourceQuality "1"]
[TimeControl "5400+30"]

1. d4 Nf6 2. Nf3 d5 3. e3 e6 4. c4 b6 5. Nc3 Bb7 6. cxd5 exd5 7. Ne5 Bd6 8. f4 O-O 9. Bd3 c5 10. O-O Nc6 11. Bd2 1/2-1/2

[Event "One Short Week GM-A 12-2024"]
[Site "Budapest"]
[Date "2024.12.16"]
[Round "2.4"]
[White "Sklokin, Sergey"]
[Black "Berczes, David"]
[Result "1-0"]
[ECO "B40"]
[WhiteElo "2329"]
[BlackElo "2407"]
[Annotator "RC"]
[PlyCount "141"]
[EventDate "2024.12.15"]
[EventType "tourn"]
[EventCountry "HUN"]
[SourceTitle "playchess.com"]
[Source "ChessBase"]
[SourceQuality "1"]
[TimeControl "5400+30"]

1. e4 c5 2. Nf3 e6 3. d4 cxd4 4. Nxd4 Nf6 5. Nc3 Nc6 6. Qd3 d5 7. exd5 Nb4 8. Qg3 Bc5 9. a3 Bxd4 10. axb4 O-O 11. Bd3 e5 12. Bg5 h6 13. Bxf6 Qxf6 14. Ne4 Qd8 15. c3 Bb6 16. Rd1 f5 17. Nc5 e4 18. Bc4 f4 19. Qg6 Bf5 20. Qh5 Bxc5 21. bxc5 Kh7 22. O-O f3 23. g4 g6 24. Qh3 Qg5 25. Qg3 Bxg4 26. d6 h5 27. h3 Rf4 28. Be6 h4 29. Qxg4 Rxg4+ 30. Bxg4 Rf8 31. d7 e3 32. fxe3 f2+ 33. Rxf2 Qxe3 34. Rdd2 Qe1+ 35. Kg2 Qe4+ 36. Rf3 Rd8 37. Rd4 Qe2+ 38. Rf2 Qe5 39. Rff4 Qe3 40. Bf3 Kg7 41. Bxb7 g5 42. Rf3 Qe2+ 43. Rf2 Qe5 44. Rd3 Qxc5 45. Bf3 Qe5 46. Bg4 Qe4+ 47. Rdf3 Qd5 48. b4 Rf8 49. c4 Qe4 50. c5 a6 51. Kg1 Rxf3 52. Bxf3 Qd4 53. c6 Qd6 54. Rf1 Qd4+ 55. Kh1 Qd3 56. Rf2 Qd4 57. Kg1 Qd6 58. Kf1 Qd3+ 59. Ke1 Qb1+ 60. Ke2 Qc2+ 61. Kf1 Qd3+ 62. Kg2 Qd6 63. Kh1 Qd4 64. Rc2 Qd3 65. d8=Q Qxf3+ 66. Kg1 Qg3+ 67. Kf1 Qxh3+ 68. Ke1 Qe3+ 69. Kd1 Qg1+ 70. Kd2 Qf2+ 71. Kc3 1-0

[Event "One Short Week GM-A 12-2024"]
[Site "Budapest"]
[Date "2024.12.16"]
[Round "2.5"]
[White "Zverev, Lev"]
[Black "Aczel, Gergely"]
[Result "1-0"]
[ECO "B12"]
[WhiteElo "2441"]
[BlackElo "2485"]
[Annotator "RC"]
[PlyCount "101"]
[EventDate "2024.12.15"]
[EventType "tourn"]
[EventCountry "HUN"]
[SourceTitle "playchess.com"]
[Source "ChessBase"]
[SourceQuality "1"]
[TimeControl "5400+30"]

1. e4 c6 2. d4 d5 3. e5 c5 4. Nf3 cxd4 5. Qxd4 Nc6 6. Qf4 e6 7. Nc3 Nb4 8. Qd2 Ne7 9. h4 f6 10. Bd3 Nec6 11. exf6 gxf6 12. a3 Nxd3+ 13. Qxd3 d4 14. Ne2 e5 15. c3 Qe7 16. Nd2 Bg4 17. f3 Be6 18. cxd4 O-O-O 19. Ne4 Rg8 20. O-O h6 21. Qb5 Qf7 22. Rf2 f5 23. Be3 Bc4 24. Qa4 Bxe2 25. Rc1 Bd3 26. d5 Rxd5 27. Qxa7 Bc4 28. Qa4 Ra5 29. Qxc4 Qxc4 30. Rxc4 fxe4 31. fxe4 Kb8 32. Rf7 Bd6 33. Rf6 Bf8 34. Rf7 Ra6 35. Rc3 Ra4 36. b4 Bd6 37. Rd7 Nd4 38. Kh2 Nb5 39. Rd3 Bc7 40. Bxh6 Nxa3 41. Bg7 Nb5 42. h5 Ra6 43. h6 Rg6 44. h7 Re8 45. Rh3 Rg4 46. Rf7 Bd6 47. Bf8 Rf4 48. Rxf4 exf4 49. h8=Q Rxf8 50. Qxf8+ Bxf8 51. Rh8 1-0